Workbook
Name _Toc286419920: 'ORCAMENTO BASICO '!#REF!

Sheet ORCAMENTO BASICO 
F1: TOTAL | H1: =F275 -> 717873
A5: PREFEITURA MUNICIPAL DE SARZEDO
B6: ORÇAMENTO BÁSICO
D8: REFERÊNCIA ABRIL/2018
A9: OBRA : | B9: Creche - Espaço Nosso
A10: LOCAL : | B10: Sarzedo - MG | D10: BDI SERV
A11: PRAZO : | B11: 12 meses | D11: ='BDI SERVIÇOS'!D20 -> 0.24873185
A13: ITEM | B13: DESCRIÇÃO DOS SERVIÇOS | C13: UNID. | D13: QUANT. | E13: PREÇO UNIT COM BDI | F13: REFERENCIA | G13: CÓDIGO | H13: PREÇO UNIT | I13: PREÇO TOTAL COM BDI
A15: 01 | B15: ADMINISTRAÇÃO LOCAL
A16: 01.01 | B16: PESSOAL TECNICO / ADMINISTRATIVO
A17: 1.1.1 | B17: ENGENHEIRO CIVIL DE OBRA PLENO COM ENCARGOS COMPLEMENTARES | C17: H | D17: 240 | E17: =H17*(1+$D$11) -> 128.48202 | F17: SINAPI | G17: 90778 | H17: 102.89 | I17: =E17*D17 -> 30835.685
A18: 01.02 | B18: MOBILIZACAO E DESMOBILIZACAO
A19: 1.2.1 | B19: MOBILIZACAO DA OBRA E DESMOBILIZACAO OBRA - SE RESTRINGIRÁ A COBRIR AS DESPESAS COM TRANSPORTE, CARGA E DESCARGA NECESSÁRIOS À MOBILIZAÇÃO E À DESMOBILIZAÇÃO DOS EQUIPAMENTOS E MÃO DE OBRA UTILIZADOS NO CANTEIRO | C19: UND | D19: 1 | E19: =H19*(1+$D$11) -> 7012.7657 | F19: COMPOSIÇÃO | G19: % | H19: 5615.91 | I19: =E19*D19 -> 7012.7657
A20: 01.03 | B20: SERVIÇOS PRELIMINARES
A21: 1.3.1 | B21: DESMATAMENTO, DESTOCAMENTO E LIMPEZA INCLUSIVE TRANSPORTE ATÉ 50 M | C21: M² | D21: 360 | E21: =H21*(1+$D$11) -> 0.41208151 | F21: SETOP | G21: PRE-DES-005 | H21: 0.33 | I21: =E21*D21 -> 148.34934
A22: 1.3.2 | B22: PLACA DE OBRA EM CHAPA DE AÇO GALVANIZADO | C22: M² | D22: 4 | E22: =H22*(1+$D$11) -> 396.28505 | F22: SINAPI | G22: 74209/001 | H22: 317.35 | I22: =E22*D22 -> 1585.1402
A23: 1.3.3 | B23: BARRACÃO DE OBRA, INCLUSIVE SANITÁRIOS | C23: M² | D23: 10 | E23: =H23*(1+$D$11) -> 505.87376 | F23: SETOP | G23: IIO-BAR-046 | H23: 405.11 | I23: =E23*D23 -> 5058.7376
A24: 1.3.4 | B24: EXECUÇÃO DE ALMOXARIFADO EM CANTEIRO DE OBRA EM CHAPA DE MADEIRA COMPENSADA, INCLUSO PRATELEIRAS. AF_02/2016 | C24: M² | D24: 4 | E24: =H24*(1+$D$11) -> 503.36381 | F24: SINAPI | G24: 93208 | H24: 403.1 | I24: =E24*D24 -> 2013.4552
A25: 1.3.5 | B25: ENTRADA PROVISORIA DE ENERGIA ELETRICA AEREA TRIFASICA 40A EM POSTE MADEIRA | C25: UND | D25: 1 | E25: =H25*(1+$D$11) -> 1464.1256 | F25: SINAPI | G25: 41598 | H25: 1172.49 | I25: =E25*D25 -> 1464.1256
A26: 1.3.6 | B26: LIGAÇÃO PROVISÓRIA DE ÁGUA E ESGOTO | C26: UND | D26: 1 | E26: =H26*(1+$D$11) -> 510.88117 | F26: SETOP | G26: IIO-LIG-015 | H26: 409.12 | I26: =E26*D26 -> 510.88117
A27: 1.3.7 | B27: CORTE DE ÁRVORE NATIVA COM MOTO-SERRA Ø >= 0,30M - ATÉ 1.000 UNIDADES | C27: UND | D27: 2 | E27: =H27*(1+$D$11) -> 39.797084 | F27: SETOP | G27: PRE-ARV-015 | H27: 31.87 | I27: =E27*D27 -> 79.594168
A28: SUBTOTAL ADMINISTRAÇÃO LOCAL | G28: =SUM(I17:I27) -> 48708.734
A29: 2 | B29: DEMOLIÇÃO E MOVIMENTAÇÃO DE TERRA
A30: 2.1 | B30: ESCAVAÇÃO MANUAL DE TERRA (DESATERRO MANUAL) | C30: M³ | D30: 180 | E30: =H30*(1+$D$11) -> 30.718803 | F30: SETOP | G30: TER-ESC-050 | H30: 24.6 | I30: =E30*D30 -> 5529.3846
A31: 2.2 | B31: REATERRO COMPACTADO DE VALA COM EQUIPAMENTO PLACA VIBRATÓRIA | C31: M³ | D31: 100 | E31: =H31*(1+$D$11) -> 32.866622 | F31: SETOP | G31: TER-REA-010 | H31: 26.32 | I31: =E31*D31 -> 3286.6622
A32: 2.3 | B32: DEMOLIÇÃO DE ALVENARIA DE TIJOLO E BLOCO SEM APROVEITAMENTO DO MATERIAL, INCLUSIVE AFASTAMENTO | C32: M³ | D32: 5.28 | E32: =H32*(1+$D$11) -> 93.867173 | F32: SETOP | G32: DEM-ALV-005 | H32: 75.17 | I32: =E32*D32 -> 495.61867
A33: 2.4 | B33: DEMOLIÇÃO DE PISO CIMENTADO OU CONTRAPISO DE ARGAMASSA, INCLUSIVE AFASTAMENTO | C33: M² | D33: 66 | E33: =H33*(1+$D$11) -> 13.648639 | F33: SETOP | G33: DEM-PIS-005 | H33: 10.93 | I33: =E33*D33 -> 900.81018
A34: 2.5 | B34: DEMOLIÇÃO DE CONCRETO ARMADO-MANUAL, INCLUSIVE AFASTAMENTO | C34: M³ | D34: 15.2 | E34: =H34*(1+$D$11) -> 273.08517 | F34: SETOP | G34: DEM-CON-010 | H34: 218.69 | I34: =E34*D34 -> 4150.8945
A35: 2.6 | B35: TRANSPORTE DE MATERIAL DEMOLIDO EM CAÇAMBA | C35: M³ | D35: =SUM(D32:D34) -> 86.48 | E35: =H35*(1+$D$11) -> 24.974637 | F35: SETOP | G35: TRA-CAÇ-015 | H35: 20 | I35: =E35*D35 -> 2159.8066
A36: 2.7 | B36: TRANSPORTE COM CAMINHÃO BASCULANTE 6 M3 EM RODOVIA PAVIMENTADA ( PARA M3XKM CR DISTÂNCIAS SUPERIORES A 4 KM) | C36: M³KM | D36: =40.96*5 -> 204.8 | E36: =H36*(1+$D$11) -> 1.7856865 | F36: SINAPI | G36: 95302 | H36: 1.43 | I36: =E36*D36 -> 365.7086
A37: SUBTOTAL ADMINISTRAÇÃO LOCAL | G37: =SUM(I30:I36) -> 16888.885
A38: 3 | B38: ARQUITETÔNICO
A39: 3.1 | B39: EDIFICAÇÃO NOVA
A40: 3.1.1 | B40: PORTA DE ALUMÍNIO DE ABRIR COM LAMBRI, COM GUARNIÇÃO, FIXAÇÃO COM PARAFUSOS - FORNECIMENTO E INSTALAÇÃO. AF_08/2015 (90X210 cm) | C40: M² | D40: 6 | E40: =H40*(1+$D$11) -> 869.21726 | F40: SINAPI | G40: 91338 | H40: 696.08 | I40: =E40*D40 -> 5215.3036
A41: 3.1.2 | B41: PORTA DE ALUMÍNIO DE ABRIR COM LAMBRI, COM GUARNIÇÃO, FIXAÇÃO COM PARAFUSOS - FORNECIMENTO E INSTALAÇÃO. AF_08/2015 (80X210 cm) | C41: M² | D41: 1 | E41: =H41*(1+$D$11) -> 869.21726 | F41: SINAPI | G41: 91338 | H41: 696.08 | I41: =E41*D41 -> 869.21726
A42: 3.1.3 | B42: PORTA DE AÇO E VIDRO 120X250 | C42: UND | D42: 2 | E42: =H42*(1+$D$11) -> 2258.4502 | F42: COMPOSIÇÃO | G42: ='COMPOSIÇÕES '!A272 -> 21 | H42: ='COMPOSIÇÕES '!H283 -> 1808.595 | I42: =E42*D42 -> 4516.9003
A43: 3.1.4 | B43: FORNECIMENTO E ASSENTAMENTO DE JANELA DE ALUMINIO, LINHA SUPREMA ACABAMENTO ANODIZADO, DE CORRER, 2 FOLHAS COM CONTRAMARCOS (200x100) - VIDRO 8MM | C43: M² | D43: 24 | E43: =H43*(1+$D$11) -> 669.9804 | F43: COMPOSIÇÃO | G43: ='COMPOSIÇÕES '!A338 -> 26 | H43: ='COMPOSIÇÕES '!H348 -> 536.52864 | I43: =E43*D43 -> 16079.53
A44: 3.1.5 | B44: FORNECIMENTO E ASSENTAMENTO DE JANELA DE ALUMINIO, LINHA SUPREMA ACABAMENTO ANODIZADO, DE CORRER, 2 FOLHAS COM CONTRAMARCOS(300x100) - VIDRO 8MM | C44: M² | D44: 18 | E44: =H44*(1+$D$11) -> 669.9804 | F44: COMPOSIÇÃO | G44: ='COMPOSIÇÕES '!A350 -> 27 | H44: ='COMPOSIÇÕES '!H361 -> 536.52864 | I44: =E44*D44 -> 12059.647
A45: 3.1.6 | B45: FORNECIMENTO E ASSENTAMENTO DE JANELA DE ALUMINIO, LINHA SUPREMA ACABAMENTO ANODIZADO, MAXIMO-AR COM CONTRAMARCOS - VIDRO 8MM | C45: M² | D45: 1.2 | E45: =H45*(1+$D$11) -> 673.77654 | F45: COMPOSIÇÃO | G45: ='COMPOSIÇÕES '!A363 -> 28 | H45: ='COMPOSIÇÕES '!H374 -> 539.56864 | I45: =E45*D45 -> 808.53185
A46: 3.1.7 | B46: JANELA REDONDA EM ALUMÍNIO E VIDRO d=90 cm - FORNECIMENTO E INSTALAÇÃO - VIDRO 8MM | C46: UND | D46: 14 | E46: =H46*(1+$D$11) -> 422.46297 | F46: COMPOSIÇÃO | G46: ='COMPOSIÇÕES '!A6 -> 1 | H46: ='COMPOSIÇÕES '!H15 -> 338.3136 | I46: =E46*D46 -> 5914.4815
A47: 3.1.8 | B47: PISO DE GRANITO CINZA SAMOA E = 2 CM, 40 X 40 CM | C47: M² | D47: 15.5 | E47: =H47*(1+$D$11) -> 257.8881 | F47: SETOP | G47: PIS-GRA-005 | H47: 206.52 | I47: =E47*D47 -> 3997.2656
A48: 3.1.9 | B48: PISO VINILICO SEMIFLEXIVEL PADRAO LISO, ESPESSURA 3,2MM, FIXADO COM COLA (EM ROLO) | C48: M² | D48: 210.83 | E48: =H48*(1+$D$11) -> 134.26365 | F48: SINAPI | G48: 72186 | H48: 107.52 | I48: =E48*D48 -> 28306.805
A49: 3.1.10 | B49: REVESTIMENTO CERÂMICO PARA PISO COM PLACAS TIPO ESMALTADA EXTRA DE DIMENSÕES 35X35 CM APLICADA EM AMBIENTES DE ÁREA MAIOR QUE 10 M2. AF_06/2014 | C49: M² | D49: 6.17 | E49: =H49*(1+$D$11) -> 35.326624 | F49: SINAPI | G49: 87248 | H49: 28.29 | I49: =E49*D49 -> 217.96527
A50: 3.1.11 | B50: CONTRAPISO EM CONCRETO COM SEIXO, E=5 CM (PISO GROSSO) | C50: M³ | D50: 366 | E50: =H50*(1+$D$11) -> 76.522287 | F50: SETOP | G50: PIS-CON-021 | H50: 61.28 | I50: =E50*D50 -> 28007.157
A51: 3.1.12 | B51: CONTRAPISO DESEMPENADO, COM ARGAMASSA 1:3, SEM JUNTA E = 3 CM | C51: M² | D51: 233 | E51: =H51*(1+$D$11) -> 31.930073 | F51: SETOP | G51: PIS-CON-015 | H51: 25.57 | I51: =E51*D51 -> 7439.7071
A52: 3.1.13 | B52: ALVENARIA DE VEDAÇÃO DE BLOCOS CERÂMICOS FURADOS NA HORIZONTAL DE 9X19X19CM (ESPESSURA 9CM) DE PAREDES COM ÁREA LÍQUIDA MAIOR OU IGUAL A 6M²COM VÃOS E ARGAMASSA DE ASSENTAMENTO COM PREPARO EM BETONEIRA. AF_06/2014 | C52: M² | D52: 462 | E52: =H52*(1+$D$11) -> 63.835172 | F52: SINAPI | G52: 87519 | H52: 51.12 | I52: =E52*D52 -> 29491.849
A53: 3.1.14 | B53: REVESTIMENTO COM AZULEJO BRANCO 20 X 20 CM, JUNTA A PRUMO, ASSENTADO COM ARGAMASSA PRÉ-FABRICADA, INCLUSIVE REJUNTAMENTO | C53: M² | D53: 57.2 | E53: =H53*(1+$D$11) -> 79.569193 | F53: SETOP | G53: REV-AZU-011 | H53: 63.72 | I53: =E53*D53 -> 4551.3579
A54: 3.1.15 | B54: CERÂMICA ESMALTADA 10 X 10 CM PEI IV, ASSENTADA COM ARGAMASSA PRÉ-FABRICADA, INCLUSIVE REJUNTAMENTO (PAREDES EXTERNAS) | C54: M² | D54: 19.2 | E54: =H54*(1+$D$11) -> 67.543906 | F54: SETOP | G54: REV-CER-005 | H54: 54.09 | I54: =E54*D54 -> 1296.843
A55: 3.1.16 | B55: PINTURA ACRÍLICA, EM PAREDES, 2 DEMÃOS SEM MASSA CORRIDA, EXCLUSIVE FUNDO SELADOR (PÓRTICO) | C55: M² | D55: 10.6 | E55: =H55*(1+$D$11) -> 17.794429 | F55: SETOP | G55: PIN-ACR-005 | H55: 14.25 | I55: =E55*D55 -> 188.62095
A56: 3.1.17 | B56: PINTURA ACRÍLICA, EM PAREDES, 2 DEMÃOS SEM MASSA CORRIDA, EXCLUSIVE FUNDO SELADOR (MURO) | C56: M² | D56: 249.5 | E56: =H56*(1+$D$11) -> 17.794429 | F56: SETOP | G56: PIN-ACR-005 | H56: 14.25 | I56: =E56*D56 -> 4439.71
A57: 3.1.18 | B57: PINTURA ACRÍLICA, EM PAREDES, 2 DEMÃOS SEM MASSA CORRIDA, EXCLUSIVE FUNDO SELADOR (PAREDES INTERNAS) | C57: M² | D57: 791 | E57: =H57*(1+$D$11) -> 17.794429 | F57: SETOP | G57: PIN-ACR-005 | H57: 14.25 | I57: =E57*D57 -> 14075.393
A58: 3.1.19 | B58: PINTURA ACRÍLICA, EM TETOS, 2 DEMÃOS SEM MASSA CORRIDA, EXCLUSIVE FUNDO SELADOR | C58: M² | D58: 255 | E58: =H58*(1+$D$11) -> 17.794429 | F58: SETOP | G58: PIN-ACR-006 | H58: 14.25 | I58: =E58*D58 -> 4537.5793
A59: 3.1.20 | B59: PINTURA ACRÍLICA, EM PAREDES, 2 DEMÃOS SEM MASSA CORRIDA, EXCLUSIVE FUNDO SELADOR (PAREDES EXTERNAS) | C59: M² | D59: 244 | E59: =H59*(1+$D$11) -> 17.794429 | F59: SETOP | G59: PIN-ACR-005 | H59: 14.25 | I59: =E59*D59 -> 4341.8406
A60: 3.1.21 | B60: CERÂMICA ESMALTADA 10 X 10 CM PEI IV, ASSENTADA COM ARGAMASSA PRÉ-FABRICADA, INCLUSIVE REJUNTAMENTO | C60: M² | D60: 105.16 | E60: =H60*(1+$D$11) -> 67.543906 | F60: SETOP | G60: REV-CER-005 | H60: 54.09 | I60: =E60*D60 -> 7102.9171
A61: 3.1.22 | B61: VASO SANITÁRIO LOUÇA BRANCA INFANTIL | C61: UND | D61: 3 | E61: =H61*(1+$D$11) -> 758.59211 | F61: SETOP | G61: LOU-VAS-025 | H61: 607.49 | I61: =E61*D61 -> 2275.7763
A62: 3.1.23 | B62: CUBA DE LOUÇA BRANCA DE EMBUTIR, OVAL, INCLUSIVE VÁLVULA, SIFÃO E LIGAÇÕES CROMADAS | C62: UND | D62: 2 | E62: =H62*(1+$D$11) -> 332.97435 | F62: SETOP | G62: LOU-CUB-005 | H62: 266.65 | I62: =E62*D62 -> 665.94869
A63: 3.1.24 | B63: BANHEIRA DE EMBUTIR - FORNECIMENTO E INSTALAÇÃO | C63: UND | D63: 2 | E63: =H63*(1+$D$11) -> 73.41128 | F63: COMPOSIÇÃO | G63: 23 | H63: ='COMPOSIÇÕES '!H310 -> 58.788667 | I63: =E63*D63 -> 146.82256
A64: 3.1.25 | B64: GRANITO PARA BANCADA, POLIDO, SAMOA, E= *2,5* CM | C64: M² | D64: 7.6 | E64: =H64*(1+$D$11) -> 617.28561 | F64: SINAPI | G64: 11795 | H64: 494.33 | I64: =E64*D64 -> 4691.3707
A65: 3.1.26 | B65: SOLEIRA EM GRANITO, POLIDO, SAMOA, L= *15* CM, E= *2,0* CM | C65: M | D65: 8.6 | E65: =H65*(1+$D$11) -> 86.162497 | F65: SINAPI | G65: 20232 | H65: 69 | I65: =E65*D65 -> 740.99748
A66: 3.1.27 | B66: PEITORIL EM GRANITO, POLIDO, SAMOA, L= *15* CM, E= *2,0* CM | C66: M | D66: 46 | E66: =H66*(1+$D$11) -> 86.162497 | F66: SINAPI | G66: 20232 | H66: 69 | I66: =E66*D66 -> 3963.4749
A67: 3.1.28 | B67: DIVISORIA EM GRANITO, COM DUAS FACES POLIDAS, SAMOA, E= *3,0* CM | C67: M² | D67: 6 | E67: =H67*(1+$D$11) -> 684.16769 | F67: SINAPI | G67: 25976 | H67: 547.89 | I67: =E67*D67 -> 4105.0061
A68: 3.1.29 | B68: RODAPE OU RODABANCADA EM GRANITO, POLIDO, SAMOA, H= 10 CM, E= *2,0* CM | C68: M | D68: 189.3 | E68: =H68*(1+$D$11) -> 60.86319 | F68: SINAPI | G68: 20231 | H68: 48.74 | I68: =E68*D68 -> 11521.402
A69: 3.1.30 | B69: VIDRO TEMPERADO, COLOCADO EM CAIXILHO COM OU SEM BAGUETES, COM GAXETA DE NEOPRENE E = 10 MM | C69: M² | D69: 15.2 | E69: =H69*(1+$D$11) -> 296.02437 | F69: SETOP | G69: VID-TEM-015 | H69: 237.06 | I69: =E69*D69 -> 4499.5704
A70: 3.1.31 | B70: BARRA DE APOIO EM AÇO INOX PARA P.N.E. L = 100 CM (PAREDE) | C70: UND | D70: 3 | E70: =H70*(1+$D$11) -> 293.58934 | F70: SETOP | G70: ACE-BAR-010 | H70: 235.11 | I70: =E70*D70 -> 880.76803
A71: 3.1.32 | B71: BARRA DE SEGURANÇA PARA BANCADAS | C71: UND | D71: 6 | E71: =H71*(1+$D$11) -> 293.58934 | F71: SETOP | G71: ACE-BAR-010 | H71: 235.11 | I71: =E71*D71 -> 1761.5361
A72: 3.1.33 | B72: COBERTURA EM POLICARBONATO PARA A RAMPA DE ACESSO COM ESTRUTURA - FORNECIMENTO E INSTALAÇÃO | C72: UND | D72: 1 | E72: =H72*(1+$D$11) -> 22739.407 | F72: EQUALIZAÇÃO | G72: 2 | H72: ='EQUALIZAÇÕES DE PROPOSTAS'!E12 -> 18210 | I72: =E72*D72 -> 22739.407
A73: 3.1.34 | B73: COBERTURA EM POLICARBONATO PARA A ÁREA DE SERVIÇO COM ESTRUTURA - FORNECIMENTO E INSTALAÇÃO | C73: UND | D73: 1 | E73: =H73*(1+$D$11) -> 3401.5455 | F73: EQUALIZAÇÃO | G73: 3 | H73: ='EQUALIZAÇÕES DE PROPOSTAS'!E18 -> 2724 | I73: =E73*D73 -> 3401.5455
A74: 3.1.35 | B74: PINGADEIRA EM CONCRETO PARA MURO - FORNECIMENTO E ASSENTAMENTO | C74: M | D74: 78 | E74: =H74*(1+$D$11) -> 18.512496 | F74: COMPOSIÇÃO | G74: ='COMPOSIÇÕES '!A431 -> 32 | H74: ='COMPOSIÇÕES '!H440 -> 14.825037 | I74: =E74*D74 -> 1443.9747
A75: 3.2 | B75: EDIFICAÇÃO EXISTENTE
A76: 3.2.1 | B76: PISO VINILICO SEMIFLEXIVEL PADRAO LISO, ESPESSURA 3,2MM, FIXADO COM COLA | C76: M² | D76: 234.57 | E76: =H76*(1+$D$11) -> 134.26365 | F76: SINAPI | G76: 72186 | H76: 107.52 | I76: =E76*D76 -> 31494.224
A77: 3.2.2 | B77: PISO DE GRANITO CINZA SAMOA E = 2 CM, 40 X 40 CM | C77: M² | D77: 60 | E77: =H77*(1+$D$11) -> 257.8881 | F77: SETOP | G77: PIS-GRA-005 | H77: 206.52 | I77: =E77*D77 -> 15473.286
A78: 3.2.3 | B78: REVESTIMENTO CERÂMICO PARA PISO COM PLACAS TIPO ESMALTADA EXTRA DE DIMENSÕES 35X35 CM APLICADA EM AMBIENTES DE ÁREA MAIOR QUE 10 M2. AF_06/2014 | C78: M² | D78: 42.43 | E78: =H78*(1+$D$11) -> 35.326624 | F78: SINAPI | G78: 87248 | H78: 28.29 | I78: =E78*D78 -> 1498.9087
A79: 3.2.4 | B79: ALVENARIA DE VEDAÇÃO DE BLOCOS VAZADOS DE CONCRETO DE 9X19X39CM (ESPESSURA 9CM) DE PAREDES COM ÁREA LÍQUIDA MENOR QUE 6M² SEM VÃOS E ARGAMASSA DE ASSENTAMENTO COM PREPARO EM BETONEIRA. AF_06/2014 (EDIFICAÇÃO) | C79: M² | D79: 61.8 | E79: =H79*(1+$D$11) -> 46.989779 | F79: SINAPI | G79: 87447 | H79: 37.63 | I79: =E79*D79 -> 2903.9684
A80: 3.2.5 | B80: ALVENARIA DE VEDAÇÃO DE BLOCOS CERÂMICOS FURADOS NA HORIZONTAL DE 9X19X19CM (ESPESSURA 9CM) DE PAREDES COM ÁREA LÍQUIDA MAIOR OU IGUAL A 6M²COM VÃOS E ARGAMASSA DE ASSENTAMENTO COM PREPARO EM BETONEIRA. AF_06/2014 (GUARDA CORPO) | C80: M² | D80: 39 | E80: =H80*(1+$D$11) -> 63.835172 | F80: SINAPI | G80: 87519 | H80: 51.12 | I80: =E80*D80 -> 2489.5717
A81: 3.2.6 | B81: CORRIMÃO DUPLO EM TUBO DE AÇO INOX D = 1 1/2" - FIXADO EM ALVENARIA | C81: M | D81: 37 | E81: =H81*(1+$D$11) -> 400.63064 | F81: SETOP | G81: SER-COR-030 | H81: 320.83 | I81: =E81*D81 -> 14823.334
A82: 3.2.7 | B82: JANELA REDONDA EM ALUMÍNIO E VIDRO d=90 cm - FORNECIMENTO E INSTALAÇÃO | C82: UND | D82: 7 | E82: =H82*(1+$D$11) -> 422.46297 | F82: COMPOSIÇÃO | G82: 1 | H82: ='COMPOSIÇÕES '!H15 -> 338.3136 | I82: =E82*D82 -> 2957.2408
A83: 3.2.8 | B83: FORNECIMENTO E ASSENTAMENTO DE JANELA DE ALUMINIO, LINHA SUPREMA ACABAMENTO ANODIZADO, DE CORRER, 2 FOLHAS COM CONTRAMARCOS (200x100) | C83: M² | D83: 2 | E83: =H83*(1+$D$11) -> 505.59904 | F83: SETOP | G83: SER-JAN-035 | H83: 404.89 | I83: =E83*D83 -> 1011.1981
A84: 3.2.9 | B84: FORNECIMENTO E ASSENTAMENTO DE JANELA DE ALUMINIO, LINHA SUPREMA ACABAMENTO ANODIZADO, DE CORRER, 2 FOLHAS COM CONTRAMARCOS (100x100) | C84: M² | D84: 1 | E84: =H84*(1+$D$11) -> 505.59904 | F84: SETOP | G84: SER-JAN-035 | H84: 404.89 | I84: =E84*D84 -> 505.59904
A85: 3.2.10 | B85: ASSENTAMENTO DE JANELAS METÁLICAS BASCULANTE OU FIXA (60x60cm) | C85: M² | D85: 0.36 | E85: =H85*(1+$D$11) -> 76.18513 | F85: SETOP | G85: SER-COL-005 | H85: 61.01 | I85: =E85*D85 -> 27.426647
A86: 3.2.11 | B86: PORTA DE ALUMÍNIO DE ABRIR COM LAMBRI, COM GUARNIÇÃO, FIXAÇÃO COM PARAFUSOS - FORNECIMENTO E INSTALAÇÃO. AF_08/2015 (80X210 cm) | C86: M² | D86: 1 | E86: =H86*(1+$D$11) -> 869.21726 | F86: SINAPI | G86: 91338 | H86: 696.08 | I86: =E86*D86 -> 869.21726
A87: 3.2.12 | B87: VASO SANITÁRIO LOUÇA BRANCA COM CAIXA ACOPLADA | C87: UND | D87: 1 | E87: =H87*(1+$D$11) -> 653.54879 | F87: SETOP | G87: LOU-VAS-015 | H87: 523.37 | I87: =E87*D87 -> 653.54879
A88: 3.2.13 | B88: CUBA DE LOUÇA BRANCA DE EMBUTIR, OVAL, INCLUSIVE VÁLVULA, SIFÃO E LIGAÇÕES CROMADAS | C88: UND | D88: 1 | E88: =H88*(1+$D$11) -> 332.97435 | F88: SETOP | G88: LOU-CUB-005 | H88: 266.65 | I88: =E88*D88 -> 332.97435
A89: 3.2.14 | B89: PINTURA ACRÍLICA, EM PAREDES, 2 DEMÃOS SEM MASSA CORRIDA, EXCLUSIVE FUNDO SELADOR (PAREDES EXTERNAS) | C89: M² | D89: 260 | E89: =H89*(1+$D$11) -> 17.794429 | F89: SETOP | G89: PIN-ACR-005 | H89: 14.25 | I89: =E89*D89 -> 4626.5515
A90: 3.2.15 | B90: PINTURA ACRÍLICA, EM TETOS, 2 DEMÃOS SEM MASSA CORRIDA, EXCLUSIVE FUNDO SELADOR | C90: M² | D90: 337 | E90: =H90*(1+$D$11) -> 17.794429 | F90: SETOP | G90: PIN-ACR-006 | H90: 14.25 | I90: =E90*D90 -> 5996.7225
A91: 3.2.16 | B91: PINTURA ACRÍLICA, EM PAREDES, 2 DEMÃOS SEM MASSA CORRIDA, EXCLUSIVE FUNDO SELADOR (PAREDES INTERNAS) | C91: M² | D91: 1140 | E91: =H91*(1+$D$11) -> 17.794429 | F91: SETOP | G91: PIN-ACR-005 | H91: 14.25 | I91: =E91*D91 -> 20285.649
A92: 3.2.17 | B92: CERÂMICA ESMALTADA 10 X 10 CM PEI IV, ASSENTADA COM ARGAMASSA PRÉ-FABRICADA, INCLUSIVE REJUNTAMENTO (PAREDES EXTERNAS) | C92: M² | D92: 119 | E92: =H92*(1+$D$11) -> 67.543906 | F92: SETOP | G92: REV-CER-005 | H92: 54.09 | I92: =E92*D92 -> 8037.7248
A93: 3.2.18 | B93: CERÂMICA ESMALTADA 10 X 10 CM PEI IV, ASSENTADA COM ARGAMASSA PRÉ-FABRICADA, INCLUSIVE REJUNTAMENTO (PAREDES INTERNAS) | C93: M² | D93: 16 | E93: =H93*(1+$D$11) -> 67.543906 | F93: SETOP | G93: REV-CER-005 | H93: 54.09 | I93: =E93*D93 -> 1080.7025
A94: 3.2.19 | B94: SOLEIRA EM GRANITO, POLIDO, SAMOA, L= *15* CM, E= *2,0* CM | C94: M | D94: 17 | E94: =H94*(1+$D$11) -> 86.162497 | F94: SINAPI | G94: 20232 | H94: 69 | I94: =E94*D94 -> 1464.7625
A95: 3.2.20 | B95: GRANITO PARA BANCADA, POLIDO, SAMOA, E= *2,5* CM | C95: M² | D95: 2 | E95: =H95*(1+$D$11) -> 617.28561 | F95: SINAPI | G95: 11795 | H95: 494.33 | I95: =E95*D95 -> 1234.5712
A96: 3.2.21 | B96: FORRO DE GESSO EM PLACAS 60 X 60 CM LISO | C96: M² | D96: 92 | E96: =H96*(1+$D$11) -> 37.736676 | F96: SETOP | G96: FOR-GES-005 | H96: 30.22 | I96: =E96*D96 -> 3471.7742
A97: 3.2.22 | B97: REBOCO E CHAPISCO - FORNECIMENTO E ASSENTAMENTO | C97: M² | D97: 1140 | E97: =H97*(1+$D$11) -> 37.536879 | F97: COMPOSIÇÃO | G97: 33 | H97: ='COMPOSIÇÕES '!H448 -> 30.06 | I97: =E97*D97 -> 42792.042
A98: SUBTOTAL ADMINISTRAÇÃO LOCAL | G98: =SUM(I40:I97) -> 410327.22
A99: 4 | B99: ELÉTRICO
A100: 4.1 | B100: DISJUNTOR TERMOMAGNETICO BIPOLAR PADRAO NEMA (AMERICANO) 10 A 50A 240V, FORNECIMENTO E INSTALACAO | C100: UND | D100: =11+1 -> 12 | E100: =H100*(1+$D$11) -> 83.290414 | F100: SINAPI | G100: 74130/003 | H100: 66.7 | I100: =E100*D100 -> 999.48497
A101: 4.2 | B101: DISJUNTOR BIPOLAR TERMOMAGNÉTICO 10KA, DE 125A | C101: UND | D101: 1 | E101: =H101*(1+$D$11) -> 256.08993 | F101: SETOP | G101: ELE-DIS-030 | H101: 205.08 | I101: =E101*D101 -> 256.08993
A102: 4.3 | B102: QUADRO DE DISTRIBUIÇÃO PARA 12 MÓDULOS COM BARRAMENTO E CHAVE | C102: UND | D102: 1 | E102: =H102*(1+$D$11) -> 183.00165 | F102: SETOP | G102: ELE-QUA-006 | H102: 146.55 | I102: =E102*D102 -> 183.00165
A103: 4.4 | B103: PONTO DE ILUMINAÇÃO RESIDENCIAL INCLUINDO INTERRUPTOR SIMPLES, CAIXA ELÉTRICA, ELETRODUTO, CABO, RASGO, QUEBRA E CHUMBAMENTO (EXCLUINDO LUMINÁRIA E LÂMPADA). AF_01/2016 | C103: UND | D103: 18 | E103: =H103*(1+$D$11) -> 132.75268 | F103: SINAPI | G103: 93128 | H103: 106.31 | I103: =E103*D103 -> 2389.5483
A104: 4.5 | B104: LUMINÁRIA TIPO PLAFON EM PLÁSTICO, DE SOBREPOR, COM 1 LÂMPADA DE 15 W - FORNECIMENTO E INSTALAÇÃO. AF_11/2017 | C104: UND | D104: 18 | E104: =H104*(1+$D$11) -> 30.106925 | F104: SINAPI | G104: 97589 | H104: 24.11 | I104: =E104*D104 -> 541.92465
A105: 4.6 | B105: CABO DE COBRE FLEXÍVEL ISOLADO, 2,5 MM², ANTI-CHAMA 450/750 V, PARA CIRCUITOS TERMINAIS - FORNECIMENTO E INSTALAÇÃO. AF_12/2015 | C105: M | D105: 625.45 | E105: =H105*(1+$D$11) -> 2.5848749 | F105: SINAPI | G105: 91926 | H105: 2.07 | I105: =E105*D105 -> 1616.71
A106: 4.7 | B106: CABO DE COBRE FLEXÍVEL ISOLADO, 4 MM², ANTI-CHAMA 450/750 V, PARA CIRCUITOS TERMINAIS - FORNECIMENTO E INSTALAÇÃO. AF_12/2015 | C106: M | D106: 236.15 | E106: =H106*(1+$D$11) -> 4.0958405 | F106: SINAPI | G106: 91928 | H106: 3.28 | I106: =E106*D106 -> 967.23272
...

Sheet COMPOSIÇÕES 
A1: COMPOSIÇÃO DE CUSTOS | C1: COMPOSIÇÃO DE PREÇOS
A2: OBRA : | B2: ='ORCAMENTO BASICO '!B9 -> Creche - Espaço Nosso
A3: LOCAL : | B3: ='ORCAMENTO BASICO '!B10 -> Sarzedo - MG
A4: PRAZO : | B4: ='ORCAMENTO BASICO '!B11 -> 12 meses
A6: 1 | C6: JANELA REDONDA EM ALUMÍNIO E VIDRO d=90 cm - FORNECIMENTO E INSTALAÇÃO | D6: UNID | E6: COEF | F6: CUSTO UNIT | H6: CUSTO TOTAL
A9: SINAPI | C9: CAIXILHO FIXO, DE ALUMINIO, PARA VIDRO | D9: M² | E9: 0.64 | F9: 316.02 | H9: =F9*E9 -> 202.2528
A10: SINAPI | C10: VIDRO TEMPERADO INCOLOR E= 8 MM, SEM COLOCAÇÃO | D10: M² | E10: 0.64 | F10: 150.24 | H10: =F10*E10 -> 96.1536
H11: =F11*E11 -> 0
A12: SINAPI | C12: PEDREIRO COM ENCARGOS COMPLEMENTARES | D12: H | E12: 1.65 | F12: 16.84 | H12: =F12*E12 -> 27.786
A13: SINAPI | C13: SERVENTE COM ENCARGOS COMPLEMENTARES | D13: H | E13: 0.82 | F13: 12.04 | H13: =F13*E13 -> 9.8728
A14: SINAPI | C14: ARGAMASSA TRAÇO 1:3 (CIMENTO E AREIA MÉDIA) PREPARO MANUAL | D14: M³ | E14: 0.007 | F14: 321.2 | H14: =F14*E14 -> 2.2484
H15: =SUM(H9:H14) -> 338.3136
A18: 2 | C18: AZULEJO BRANCO 25X35 - FORNECIMENTO E INSTALAÇÃO | D18: UNID | E18: COEF | F18: CUSTO UNIT | H18: CUSTO TOTAL
A21: EQUALIZAÇÃO | B21: 1 | C21: Revestimento de parede bold 25x35cm Original esmaltado branco Incefra | D21: M² | E21: 1 | F21: ='EQUALIZAÇÕES DE PROPOSTAS'!E6 -> 11.53 | H21: =F21*E21 -> 11.53
H22: =F22*E22 -> 0
A23: SINAPI | C23: AZULEJISTA OU LADRILHISTA COM ENCARCOS COMPLEMENTARES | D23: H | E23: 0.95 | F23: 17.44 | H23: =F23*E23 -> 16.568
A24: SINAPI | C24: SERVENTE COM ENCARGOS COMPLEMENTARES | D24: H | E24: 0.82 | F24: 12.04 | H24: =F24*E24 -> 9.8728
A25: SINAPI | C25: REJUNTE BRANCO, CIMENTÍCIO | D25: KG | E25: 0.24 | F25: 2.57 | H25: =F25*E25 -> 0.6168
A26: SINAPI | C26: ARGAMASSA COLANTE TIPO ACIII | D26: KG | E26: 8.62 | F26: 1.37 | H26: =F26*E26 -> 11.8094
A27: SINAPI
H28: =SUM(H23:H27) -> 38.867
A30: 3 | C30: BUCHA DE REDUÇÃO, PVC, SOLDÁVEL, DN 40MM X 32MM, INSTALADO EM RAMAL OU SUB-RAMAL DE ÁGUA - FORNECIMENTO E INSTALAÇÃO | D30: UNID | E30: COEF | F30: CUSTO UNIT | H30: CUSTO TOTAL
A33: SINAPI | C33: BUCHA DE REDUCAO DE PVC, SOLDAVEL, LONGA, COM 40 X 25 MM, PARA AGUA FRIA PREDIAL | D33: UNID | E33: 1 | F33: 2.57 | H33: =F33*E33 -> 2.57
H34: =F34*E34 -> 0
A35: SINAPI | C35: ENCANADOR OU BOMBEIRO HIDRÁULICO COM ENCARGOS COMPLEMENTARES | D35: H | E35: 0.119 | F35: 16.8 | H35: =F35*E35 -> 1.9992
A36: SINAPI | C36: AUXILIAR DE ENCANADOR OU BOMBEIRO HIDRÁULICO COM ENCARGOS COMPLEMENTARES | D36: H | E36: 0.119 | F36: 12.04 | H36: =F36*E36 -> 1.43276
A37: SINAPI | C37: SOLUCAO LIMPADORA PARA PVC, FRASCO COM 1000 CM3 | D37: UNID | E37: 0.011 | F37: 38.44 | H37: =F37*E37 -> 0.42284
A38: SINAPI | C38: ADESIVO PLASTICO PARA PVC, FRASCO COM 850 GR | D38: UNID | E38: 0.009 | F38: 44.26 | H38: =F38*E38 -> 0.39834
A39: SINAPI | C39: LIXA D'AGUA EM FOLHA, GRAO 100 | D39: UNID | E39: 0.06 | F39: 1.5 | H39: =F39*E39 -> 0.09
H40: =SUM(H33:H39) -> 6.91314
A42: 4 | C42: BUCHA DE REDUÇÃO, PVC, SOLDÁVEL, DN 32MM X 25MM, INSTALADO EM RAMAL OU SUB-RAMAL DE ÁGUA - FORNECIMENTO E INSTALAÇÃO | D42: UNID | E42: COEF | F42: CUSTO UNIT | H42: CUSTO TOTAL
A45: SINAPI | C45: BUCHA DE REDUCAO DE PVC, SOLDAVEL, CURTA, COM 32 X 25 MM, PARA AGUA FRIA PREDIAL | D45: UNID | E45: 1 | F45: 0.71 | H45: =F45*E45 -> 0.71
H46: =F46*E46 -> 0
A47: SINAPI | C47: ENCANADOR OU BOMBEIRO HIDRÁULICO COM ENCARGOS COMPLEMENTARES | D47: H | E47: 0.119 | F47: 16.8 | H47: =F47*E47 -> 1.9992
A48: SINAPI | C48: AUXILIAR DE ENCANADOR OU BOMBEIRO HIDRÁULICO COM ENCARGOS COMPLEMENTARES | D48: H | E48: 0.119 | F48: 12.04 | H48: =F48*E48 -> 1.43276
A49: SINAPI | C49: SOLUCAO LIMPADORA PARA PVC, FRASCO COM 1000 CM3 | D49: UNID | E49: 0.011 | F49: 38.44 | H49: =F49*E49 -> 0.42284
A50: SINAPI | C50: ADESIVO PLASTICO PARA PVC, FRASCO COM 850 GR | D50: UNID | E50: 0.009 | F50: 44.26 | H50: =F50*E50 -> 0.39834
A51: SINAPI | C51: LIXA D'AGUA EM FOLHA, GRAO 100 | D51: UNID | E51: 0.06 | F51: 1.5 | H51: =F51*E51 -> 0.09
H52: =SUM(H45:H51) -> 5.05314
A54: 5 | C54: BUCHA DE REDUÇÃO, PVC, SOLDÁVEL, DN 25MM X 20MM, INSTALADO EM RAMAL OU SUB-RAMAL DE ÁGUA - FORNECIMENTO E INSTALAÇÃO | D54: UNID | E54: COEF | F54: CUSTO UNIT | H54: CUSTO TOTAL
A57: SINAPI | C57: BUCHA DE REDUCAO DE PVC, SOLDAVEL, CURTA, COM 25 X 20 MM, PARA AGUA FRIA PREDIAL | D57: UNID | E57: 1 | F57: 0.37 | H57: =F57*E57 -> 0.37
H58: =F58*E58 -> 0
A59: SINAPI | C59: ENCANADOR OU BOMBEIRO HIDRÁULICO COM ENCARGOS COMPLEMENTARES | D59: H | E59: 0.119 | F59: 16.8 | H59: =F59*E59 -> 1.9992
A60: SINAPI | C60: AUXILIAR DE ENCANADOR OU BOMBEIRO HIDRÁULICO COM ENCARGOS COMPLEMENTARES | D60: H | E60: 0.119 | F60: 12.04 | H60: =F60*E60 -> 1.43276
A61: SINAPI | C61: SOLUCAO LIMPADORA PARA PVC, FRASCO COM 1000 CM3 | D61: UNID | E61: 0.011 | F61: 38.44 | H61: =F61*E61 -> 0.42284
A62: SINAPI | C62: ADESIVO PLASTICO PARA PVC, FRASCO COM 850 GR | D62: UNID | E62: 0.009 | F62: 44.26 | H62: =F62*E62 -> 0.39834
A63: SINAPI | C63: LIXA D'AGUA EM FOLHA, GRAO 100 | D63: UNID | E63: 0.06 | F63: 1.5 | H63: =F63*E63 -> 0.09
H64: =SUM(H57:H63) -> 4.71314
A67: 6 | C67: BUCHA DE REDUÇÃO, PVC, SOLDÁVEL, DN 40MM X 25MM, INSTALADO EM RAMAL OU SUB-RAMAL DE ÁGUA - FORNECIMENTO E INSTALAÇÃO | D67: UNID | E67: COEF | F67: CUSTO UNIT | H67: CUSTO TOTAL
A70: SINAPI | C70: BUCHA DE REDUCAO DE PVC, SOLDAVEL, LONGA, COM 40 X 25 MM, PARA AGUA FRIA PREDIAL | D70: UNID | E70: 1 | F70: 2.57 | H70: =F70*E70 -> 2.57
H71: =F71*E71 -> 0
A72: SINAPI | C72: ENCANADOR OU BOMBEIRO HIDRÁULICO COM ENCARGOS COMPLEMENTARES | D72: H | E72: 0.119 | F72: 16.8 | H72: =F72*E72 -> 1.9992
A73: SINAPI | C73: AUXILIAR DE ENCANADOR OU BOMBEIRO HIDRÁULICO COM ENCARGOS COMPLEMENTARES | D73: H | E73: 0.119 | F73: 12.04 | H73: =F73*E73 -> 1.43276
A74: SINAPI | C74: SOLUCAO LIMPADORA PARA PVC, FRASCO COM 1000 CM3 | D74: UNID | E74: 0.011 | F74: 38.44 | H74: =F74*E74 -> 0.42284
A75: SINAPI | C75: ADESIVO PLASTICO PARA PVC, FRASCO COM 850 GR | D75: UNID | E75: 0.009 | F75: 44.26 | H75: =F75*E75 -> 0.39834
A76: SINAPI | C76: LIXA D'AGUA EM FOLHA, GRAO 100 | D76: UNID | E76: 0.06 | F76: 1.5 | H76: =F76*E76 -> 0.09
H77: =SUM(H69:H74) -> 6.4248
A79: 7 | C79: TORNEIRA CROMADA DE MESA PARA LAVATORIO TEMPORIZADA PRESSAO BICA BAIXA - FORNECIMENTO E INSTALAÇÃO | D79: UNID | E79: COEF | F79: CUSTO UNIT | H79: CUSTO TOTAL
A82: SINAPI | C82: TORNEIRA CROMADA DE MESA PARA LAVATORIO TEMPORIZADA PRESSAO BICA BAIXA | D82: UNID | E82: 1 | F82: 140.84 | H82: =F82*E82 -> 140.84
A83: SINAPI | C83: FITA VEDA ROSCA EM ROLOS DE 18 MM X 10 M (L X C) | D83: UNID | E83: 0.0304 | F83: 2.8 | H83: =F83*E83 -> 0.08512
H84: =F84*E84 -> 0
A85: SINAPI | C85: ENCANADOR OU BOMBEIRO HIDRÁULICO COM ENCARGOS COMPLEMENTARES | D85: H | E85: 0.1 | F85: 16.8 | H85: =F85*E85 -> 1.68
A86: SINAPI | C86: SERVENTE COM ENCARGOS COMPLEMENTARES | D86: H | E86: 0.03 | F86: 12.04 | H86: =F86*E86 -> 0.3612
H88: =SUM(H81:H86) -> 142.96632
A90: 8 | C90: BARRA CHATA DE ALUMÍNIO FURADA 3/4" X 1/8" FORNECIMENTO E INSTALAÇÃO | D90: UNID | E90: COEF | F90: CUSTO UNIT | H90: CUSTO TOTAL
A93: SINAPI | B93: 566 | C93: BARRA DE FERRO RETANGULAR, BARRA CHATA, 3/4" X 1/8" (L X E), 0,47 KG/M | D93: M | E93: 1 | F93: 2.15 | H93: =F93*E93 -> 2.15
H94: =F94*E94 -> 0
H95: =F95*E95 -> 0
A96: SINAPI | C96: ELETRICISTA COM ENCARGOS COMPLEMENTARES | D96: H | E96: 0.25 | F96: 17.01 | H96: =F96*E96 -> 4.2525
A97: SINAPI | C97: AUXILIAR DE ELETRICISTA COM ENCARGOS COMPLEMENTARES | D97: H | E97: 0.25 | F97: 13.51 | H97: =F97*E97 -> 3.3775
H99: =SUM(H93:H97) -> 9.78
A101: 9 | C101: CAIXA DE INSPEÇÃO EM POLIETILENO PARA ATERRAMENTO E PARA RAIOS DIAMETRO 300 MM - FORNECIMENTO E INSTALAÇÃO | D101: UNID | E101: COEF | F101: CUSTO UNIT | H101: CUSTO TOTAL
A104: SINAPI | B104: 34643 | C104: CAIXA INSPECAO EM POLIETILENO PARA ATERRAMENTO E PARA RAIOS DIAMETRO = 300 MM Descrição Complementar: | D104: UND | E104: 1 | F104: 9.33 | H104: =F104*E104 -> 9.33
H105: =F105*E105 -> 0
H106: =F106*E106 -> 0
A107: SINAPI | C107: ELETRICISTA COM ENCARGOS COMPLEMENTARES | D107: H | E107: 1.25 | F107: 17.01 | H107: =F107*E107 -> 21.2625
A108: SINAPI | C108: AUXILIAR DE ELETRICISTA COM ENCARGOS COMPLEMENTARES | D108: H | E108: 1.25 | F108: 13.51 | H108: =F108*E108 -> 16.8875
H110: =SUM(H104:H108) -> 47.48
A112: 10 | C112: CAIXA DE EQUIPOTENCIALIZAÇÃO - FORNECIMENTO E MONTAGEM | D112: UNID | E112: COEF | F112: CUSTO UNIT | H112: CUSTO TOTAL
A115: EQUALIZAÇÃO | B115: 7 | C115: CAIXA DE EQUIPOTENCIALIZAÇÃO | D115: UND | E115: 1 | F115: ='EQUALIZAÇÕES DE PROPOSTAS'!E42 -> 0 | H115: =F115*E115 -> 0
A116: EQUALIZAÇÃO | B116: 8 | C116: DPS VCL SLIM CLASSE I/II | D116: UND | E116: 3 | F116: ='EQUALIZAÇÕES DE PROPOSTAS'!E48 -> 0 | H116: =F116*E116 -> 0
A117: EQUALIZAÇÃO | B117: 9 | C117: BOX RETO PARA SEALTUBO | D117: UND | E117: 2 | F117: ='EQUALIZAÇÕES DE PROPOSTAS'!E54 -> 0 | H117: =F117*E117 -> 0
H118: =F118*E118 -> 0
H119: =F119*E119 -> 0
A120: SINAPI | C120: ELETRICISTA COM ENCARGOS COMPLEMENTARES | D120: H | E120: 0.3 | F120: 17.01 | H120: =F120*E120 -> 5.103
A121: SINAPI | C121: AUXILIAR DE ELETRICISTA COM ENCARGOS COMPLEMENTARES | D121: H | E121: 0.3 | F121: 13.51 | H121: =F121*E121 -> 4.053
H123: =SUM(H115:H121) -> 9.156
A125: 11 | C125: FIXADOR UNIVERSAL DE SPDA ESTANHADO - FORNECIMENTO E INSTALAÇÃO | D125: UNID | E125: COEF | F125: CUSTO UNIT | H125: CUSTO TOTAL
A128: COTAÇÃO | C128: FIXADOR UNIVERSAL SPDA ESTANHADO | D128: UND | E128: 1 | F128: 13.72 | H128: =F128*E128 -> 13.72
A129: COTAÇÃO | C129: PARAFUSO INOX SEXT RSOBM 6X45MM | D129: UND | E129: 1 | F129: 1 | H129: =F129*E129 -> 1
A130: SINAPI | B130: 4374 | C130: BUCHA NYLON S-10 | D130: UND | E130: 1 | F130: 0.22 | H130: =F130*E130 -> 0.22
A131: COTAÇÃO | C131: PARAFUSO INOX SEXT 1/4X1.1/4 | D131: UND | E131: 1 | F131: 0.84 | H131: =F131*E131 -> 0.84
A132: COTAÇÃO | C132: ARRUELA INOX 1/4P | D132: UND | E132: 1 | F132: 0.17 | H132: =F132*E132 -> 0.17
A133: COTAÇÃO | C133: PARAFUSO INOX AUTO ATPAN 4,2X50MM | D133: UND | E133: 0.3 | F133: 0.55 | H133: =F133*E133 -> 0.165
H134: =F134*E134 -> 0
H135: =F135*E135 -> 0
A136: SINAPI | C136: ELETRICISTA COM ENCARGOS COMPLEMENTARES | D136: H | E136: 0.15 | F136: 17.01 | H136: =F136*E136 -> 2.5515
A137: SINAPI | C137: AUXILIAR DE ELETRICISTA COM ENCARGOS COMPLEMENTARES | D137: H | E137: 0.15 | F137: 13.51 | H137: =F137*E137 -> 2.0265
H139: =SUM(H128:H137) -> 20.693
A141: 12 | C141: SERVIÇO: ESTRUTURA METÁLICA EM TESOURAS - TESOURA MAIOR | D141: UNID | E141: COEF | F141: CUSTO UNIT | H141: CUSTO TOTAL
...

Sheet EQUALIZAÇÕES DE PROPOSTAS
A1: EQUALIZAÇÕES
A2: OBRA : | B2: ='ORCAMENTO BASICO '!B9 -> Creche - Espaço Nosso | E2: ='ORCAMENTO BASICO '!H1 -> 717873
A3: LOCAL : | B3: ='ORCAMENTO BASICO '!B10 -> Sarzedo - MG
A4: PRAZO : | B4: ='ORCAMENTO BASICO '!B11 -> 12 meses
A6: 1 | B6: Revestimento de parede bold 25x35cm Original esmaltado branco Incefra | C6: PROPOSTAS | E6: =SUM(C9:E9)/3 -> 11.53
B7: EMPRESAS | C7: TELHANORTE | D7: CASA E CONSTRUÇÃO | E7: SODIMAC
B8: REFERENCIA | C8: https://www.telhanorte.com.br/revestimento-de-parede-bold-25x35cm-original-esmaltado-branco-incefra-1450395/p?idsku=1450395&gclid=CjwKCAjwiurXBRAnEiwAk2GFZmQ294W03C2hp8S05eVQseEYAKJf0kWNOEm2G6-8ihf8GMAuBkBoAxoC2N8QAvD_BwE | D8: https://www.cec.com.br/pisos-e-revestimentos/revest-para-parede/revestimentos-para-parede-ate-30x60/revestimento-25x35cm-rvi-18000?produto=1232426&utm_content=pisos-e-revestimentos&utm_medium=cpc&utm_campaign=GoogleShop&utm_source=google-shopping&idpublicacao=791d2005-d206-4804-b297-71cab438caf1&gclid=CjwKCAjwiurXBRAnEiwAk2GFZp9mue453GYxkAta0qrhG6pqAHTk1PXIhADg6mxM9KTtdCjWCE6ovRoCkxMQAvD_BwE | E8: http://www.sodimac.com.br/sodimac-br/product/737830/Revestimento-Ref-18000-Caixa-2,19m%C2%B2-25x35cm-Branco-Brilhante/737830
B9: PREÇO UNITÁRIO | C9: 10.7 | D9: 11.99 | E9: 11.9
A12: 2 | B12: COBERTURA EM POLICARBONATO PARA A RAMPA DE ACESSO COM ESTRUTURA - FORNECIMENTO E INSTALAÇÃO | C12: PROPOSTAS | E12: =AVERAGE(C15:E15) -> 18210
B13: EMPRESAS | C13: LINHARES COBERTURAS E FACHADAS | D13: TOLDOS ÁGUA-SOL
B14: REFERENCIA | C14: ORÇAMENTO POR EMAIL | D14: ORÇAMENTO POR EMAIL
B15: PREÇO UNITÁRIO | C15: 21000 | D15: 15420
A18: 3 | B18: COBERTURA EM POLICARBONATO PARA A ÁREA DE SERVIÇO COM ESTRUTURA - FORNECIMENTO E INSTALAÇÃO | C18: PROPOSTAS | E18: =AVERAGE(C21:E21) -> 2724
B19: EMPRESAS | C19: LINHARES COBERTURAS E FACHADAS | D19: TOLDOS ÁGUA-SOL
B20: REFERENCIA | C20: ORÇAMENTO POR EMAIL | D20: ORÇAMENTO POR EMAIL
B21: PREÇO UNITÁRIO | C21: 3099 | D21: 2349
A24: 4 | B24: BANHEIRA RÍGIDA DE EMBUTIR BRANCA | C24: PROPOSTAS | E24: =SUM(C27:E27)/3 -> 46.636667
B25: EMPRESAS | C25: EXTRA | D25: MAGAZINE LUIZA | E25: AMERICANAS
B26: REFERENCIA | C26: https://www.extra.com.br/bebes/BanhodoBebe/BanheirasparaBebe/banheira-rigida-avulsa-burigotto-branca-12545647.html?utm_medium=cpc&utm_source=gp_pla&IdSku=12545647&idLojista=17396&s_kwcid=AL!427!3!94837814427!!!g!428240861732!&utm_campaign=Bebe_Shopping&ef_id=WeeouAAABHjK@x9-:20180525114657:s | D26: https://www.magazineluiza.com.br/banheira-rigida-e-avulsa-burigotto/p/7837101/bb/otbb/?partner_id=16363&utm_source=google&utm_medium=pla&utm_campaign=PLA_marketplace&gclid=Cj0KCQjw6J7YBRC4ARIsAJMXXseHEMR6mbBL4lOuaWaqUbv3xT9xebT4gPtCLrx0-SHACdSjhqu7NegaAir_EALw_wcB | E26: https://www.americanas.com.br/produto/12626870/banheira-plastica-rigida-branca?WT.srch=1&cor=Branco&epar=bp_pl_00_go_bb_todas_geral_gmv&gclid=Cj0KCQjw6J7YBRC4ARIsAJMXXsdT64R-28SW6rzq0Sme6RPNqzZlyzajh7LfdRLgVmCcBCAkw7OehxUaAjaqEALw_wcB&opn=YSMESP&sellerId=26796309000123&tamanho=%C3%9ANICO
B27: PREÇO UNITÁRIO | C27: 48.94 | D27: 45.99 | E27: 44.98
A30: 5 | B30: CAMINHÃO MUNCK | C30: PROPOSTAS | E30: =AVERAGE(C33:E33) -> 106.66667
B31: EMPRESAS | C31: LM GUINDASTES | D31: MG LOCAÇÃO DE MUNCK | E31: BOLBI MOVIMENTAÇÃO DE CARGAS
B32: REFERENCIA | C32: ORÇAMENTO POR TELEFONE | D32: ORÇAMENTO POR TELEFONE | E32: ORÇAMENTO POR TELEFONE
B33: PREÇO UNITÁRIO | C33: 110 | D33: 110 | E33: 100
A36: 6 | B36: PINGADEIRA CHAPÉU PRÉ MOLDADA DE CONCRETO - 20cm | C36: PROPOSTAS | E36: =AVERAGE(C39:E39) -> 12.333333
B37: EMPRESAS | C37: PRÉ MOLDADOS NUNES | D37: PRÉ MOLDADOS SAMPAIO | E37: SÉCULUS PRÉ MOLDADOS
B38: REFERENCIA | C38: ORÇAMENTO POR TELEFONE | D38: ORÇAMENTO POR TELEFONE | E38: ORÇAMENTO POR TELEFONE
B39: PREÇO UNITÁRIO | C39: 12 | D39: 11 | E39: 14
A42: 7
A48: 8
A54: 9
A60: 10
A66: 11
A72: 12
A78: 13
A84: 14
A90: 15
A96: 17
A102: 18
A108: 19
... A374: 63

Sheet BDI SERVIÇOS
A1: BENEFÍCIOS E DESPESAS INDIRETAS
C3: OBRA : | D3: ='ORCAMENTO BASICO '!B9 -> Creche - Espaço Nosso
C4: LOCAL : | D4: ='ORCAMENTO BASICO '!B10 -> Sarzedo - MG
C5: PRAZO : | D5: ='ORCAMENTO BASICO '!B11 -> 12 meses
E11: Onde:
E12: AC: Taxa de Administração Central
E13: S: Taxa de Seguro
E14: R: Taxa de Riscos
E15: G: Taxa de Garantias
E16: DF: Taxa de Despesas Financeiras
E17: L: Taxa de Lucro/remuneração
E18: I: Taxa de Incidência de Impostos (PIS, COFINS, ISS, CPRB)
A19: PARAMETRO | B19: % | C19: VERIFICAÇÃO | D19: CÁLCULO DO BDI | E19: OBSERVAÇÕES
A20: Administração Central | B20: 0.04 | C20: =IF(B20<0.03,"FORA DO LIMITE",IF(B20>0.055,"FORA DO LIMITE","OK")) -> OK | D20: =((1+B20+B21+B22)*(1+B23)*(1+B24))/(1-(B25+B26+B27))-1 -> 0.24873185 | E20: a) Os percentuais de Impostos a serem adotados devem ser indicados pelo Tomador, conforme legislação vigente. Para o ISS, deverão ser definidos pelo Tomador, através de declaração informativa, conforme legislação tributária municipal, a base de cálculo e, sobre esta, a respectiva alíquota do ISS, que será um percentual entre 2% e 5%. b) As tabelas acima foram construídas considerando a desoneração sobre a folha de pagamento prevista na Lei n° 12.844/2013. Para análise de orçamentos considerando a contribuição previdenciária sobre a receita bruta deverá ser somada a alíquota de 2% no item impostos. c) Para o tipo de obra “Construção de Edifícios” enquadram-se: a construção e reforma de: edifícios, unidades habitacionais, escolas, hospitais, hotéis, restaurantes, armazéns e depósitos, edifícios para uso agropecuário, estações para trens e metropolitanos, estádios esportivos e quadras cobertas, instalações para embarque e desembarque de passageiros (em aeroportos, rodoviárias, portos, etc.), penitenciárias e presídios, a construção de edifícios industriais (fábricas, oficinas, galpões industriais, etc.), conforme classificação 4120-4 do CNAE 2.0. Também enquadram-se pórticos, mirantes e outros edifícios de finalidade turística.
A21: Seguros e Garantias | B21: 0.008 | C21: =IF(B21<0.008,"FORA DO LIMITE",IF(B21>0.01,"FORA DO LIMITE","OK")) -> OK
A22: Riscos | B22: 0.0127 | C22: =IF(B22<0.0097,"FORA DO LIMITE",IF(B22>0.0127,"FORA DO LIMITE","OK")) -> OK
A23: Despesas Financeiras | B23: 0.0123 | C23: =IF(B23<0.0059,"FORA DO LIMITE",IF(B23>0.0139,"FORA DO LIMITE","OK")) -> OK
A24: Lucro | B24: 0.074 | C24: =IF(B24<0.0616,"FORA DO LIMITE",IF(B24>0.0896,"FORA DO LIMITE","OK")) -> OK
A25: Impostos: PIS e COFINS | B25: 0.0365 | C25: =IF(B25<0.0365,"FORA DO LIMITE",IF(B25>0.0365,"FORA DO LIMITE","OK")) -> OK
A26: Impostos: ISS (mun.) | B26: 0.02 | C26: =IF(B26<0.02,"FORA DO LIMITE",IF(B26>0.05,"FORA DO LIMITE","OK")) -> OK
A27: CPRB | B27: 0.02 | C27: OK
A29: Justificativa das escolhas dos valores do BDI:
A30: Administração Central
A31: Seguros e Garantias
A32: Riscos
A33: Despesas Financeiras
A34: Lucro
A35: Impostos: PIS e COFINS
A36: Impostos: ISS (mun.)

Sheet CRONOGRAMA
A1: CRONOGRAMA FÍSICO-FINANCEIRO
A2: ='ORCAMENTO BASICO '!A5:E5 -> PREFEITURA MUNICIPAL DE SARZEDO
A3: Objeto: | D3: ='ORCAMENTO BASICO '!B9 -> Creche - Espaço Nosso
A4: Local: | D4: ='ORCAMENTO BASICO '!B10 -> Sarzedo - MG
A5: Valor da Obra: | D5: ='ORCAMENTO BASICO '!H1 -> 717873
A7: ITEM | D7: DESCRIÇÃO DOS SERVIÇOS | E7: VALOR DOS SERVIÇOS | F7: SERVIÇOS A EXECUTAR - Em %
F8: MÊS 01 | G8: MÊS 02 | H8: MÊS 03 | I8: MÊS 04 | J8: MÊS 05 | K8: MÊS 06 | L8: MÊS 07 | M8: MÊS 08 | N8: MÊS 09 | O8: MÊS 10 | P8: MÊS 11 | Q8: MÊS 12
A9: 1 | D9: ='ORCAMENTO BASICO '!B15 -> ADMINISTRAÇÃO LOCAL | E9: =E10/$D$5 -> 0.067851463 | F9: =$E9 -> 0.067851463
E10: ='ORCAMENTO BASICO '!G28 -> 48708.734 | F10: =$E10 -> 48708.734
A11: 2 | D11: ='ORCAMENTO BASICO '!B29 -> DEMOLIÇÃO E MOVIMENTAÇÃO DE TERRA | E11: =E12/$D$5 -> 0.023526286 | F11: =E11 -> 0.023526286
E12: ='ORCAMENTO BASICO '!G37 -> 16888.885 | F12: =E12 -> 16888.885
A13: 3 | D13: ='ORCAMENTO BASICO '!B38 -> ARQUITETÔNICO | E13: =E14/$D$5 -> 0.57158748 | G13: =$E$13/11 -> 0.051962498 | H13: =$E$13/11 -> 0.051962498 | I13: =$E$13/11 -> 0.051962498 | J13: =$E$13/11 -> 0.051962498 | K13: =$E$13/11 -> 0.051962498 | L13: =$E$13/11 -> 0.051962498 | M13: =$E$13/11 -> 0.051962498 | N13: =$E$13/11 -> 0.051962498 | ... Q13: =$E$13/11 -> 0.051962498
E14: ='ORCAMENTO BASICO '!G98 -> 410327.22 | G14: =$E$14/11 -> 37302.475 | H14: =$E$14/11 -> 37302.475 | I14: =$E$14/11 -> 37302.475 | J14: =$E$14/11 -> 37302.475 | K14: =$E$14/11 -> 37302.475 | L14: =$E$14/11 -> 37302.475 | M14: =$E$14/11 -> 37302.475 | N14: =$E$14/11 -> 37302.475 | ... Q14: =$E$14/11 -> 37302.475
A15: 4 | D15: ='ORCAMENTO BASICO '!B99 -> ELÉTRICO | E15: =E16/$D$5 -> 0.024185859 | O15: =$E15/3 -> 0.0080619529 | P15: =$E15/3 -> 0.0080619529 | Q15: =$E15/3 -> 0.0080619529
E16: ='ORCAMENTO BASICO '!G117 -> 17362.375 | O16: =$E16/3 -> 5787.4583 | P16: =$E16/3 -> 5787.4583 | Q16: =$E16/3 -> 5787.4583
A17: 5 | D17: ='ORCAMENTO BASICO '!B118 -> ESTRUTURAL | E17: =E18/D5 -> 0.21794082 | G17: =$E$17/8 -> 0.027242603 | H17: =$E$17/8 -> 0.027242603 | I17: =$E$17/8 -> 0.027242603 | J17: =$E$17/8 -> 0.027242603 | K17: =$E$17/8 -> 0.027242603 | L17: =$E$17/8 -> 0.027242603 | M17: =$E$17/8 -> 0.027242603 | N17: =$E$17/8 -> 0.027242603
E18: ='ORCAMENTO BASICO '!G202 -> 156453.83 | G18: =$E$18/8 -> 19556.729 | H18: =$E$18/8 -> 19556.729 | I18: =$E$18/8 -> 19556.729 | J18: =$E$18/8 -> 19556.729 | K18: =$E$18/8 -> 19556.729 | L18: =$E$18/8 -> 19556.729 | M18: =$E$18/8 -> 19556.729 | N18: =$E$18/8 -> 19556.729
A19: 6 | D19: ='ORCAMENTO BASICO '!B203 -> ESTRUTURA METÁLICA | E19: =E20/$D$5 -> 0.077087286 | N19: =$E$19/3 -> 0.025695762 | O19: =$E$19/3 -> 0.025695762 | P19: =$E$19/3 -> 0.025695762
E20: ='ORCAMENTO BASICO '!G215 -> 55338.881 | N20: =$E$20/3 -> 18446.294 | O20: =$E$20/3 -> 18446.294 | P20: =$E$20/3 -> 18446.294
A21: 7 | D21: ='ORCAMENTO BASICO '!B216 -> SPCI | E21: =E22/$D$5 -> 0.0033568301 | P21: =$E$21/2 -> 0.0016784151 | Q21: =$E$21/2 -> 0.0016784151
E22: ='ORCAMENTO BASICO '!G225 -> 2409.7777 | P22: =$E$22/2 -> 1204.8889 | Q22: =$E$22/2 -> 1204.8889
A23: 8 | D23: ='ORCAMENTO BASICO '!B226 -> HIDROSSANITÁRIO | E23: =E24/$D$5 -> 0.010541428 | M23: =$E$23/3 -> 0.0035138092 | N23: =$E$23/3 -> 0.0035138092 | O23: =$E$23/3 -> 0.0035138092
E24: ='ORCAMENTO BASICO '!G270 -> 7567.4063 | M24: =$E$24/3 -> 2522.4688 | N24: =$E$24/3 -> 2522.4688 | O24: =$E$24/3 -> 2522.4688
A25: 9 | D25: ='ORCAMENTO BASICO '!B271 -> LIMPEZA DA OBRA | E25: =E26/$D$5 -> 0.0039225466 | Q25: =E25 -> 0.0039225466
E26: ='ORCAMENTO BASICO '!G273 -> 2815.8903 | Q26: =E26 -> 2815.8903
A28: VALOR TOTAL DA OBRA: | E28: =K32 -> 349893.64
A30: TOTAL SIMPLES - R$ | F30: =SUM(F10,F12,F14,F16,F18,F20,F22,F24,F26) -> 65597.619 | G30: =SUM(G10,G12,G14,G16,G18,G20,G22,G24,G26) -> 56859.204 | H30: =SUM(H10,H12,H14,H16,H18,H20,H22,H24,H26) -> 56859.204 | I30: =SUM(I10,I12,I14,I16,I18,I20,I22,I24,I26) -> 56859.204 | J30: =SUM(J10,J12,J14,J16,J18,J20,J22,J24,J26) -> 56859.204 | K30: =SUM(K10,K12,K14,K16,K18,K20,K22,K24,K26) -> 56859.204 | L30: =SUM(L10,L12,L14,L16,L18,L20,L22,L24,L26) -> 56859.204 | M30: =SUM(M10,M12,M14,M16,M18,M20,M22,M24,M26) -> 59381.672 | ... Q30: =SUM(Q10,Q12,Q14,Q16,Q18,Q20,Q22,Q24,Q26) -> 47110.712
A31: TOTAL SIMPLES - % | F31: =SUM(F9,F11,F13,F15,F17,F19,F21,F23,F25) -> 0.091377749 | G31: =SUM(G9,G11,G13,G15,G17,G19,G21,G23,G25) -> 0.079205101 | H31: =SUM(H9,H11,H13,H15,H17,H19,H21,H23,H25) -> 0.079205101 | I31: =SUM(I9,I11,I13,I15,I17,I19,I21,I23,I25) -> 0.079205101 | J31: =SUM(J9,J11,J13,J15,J17,J19,J21,J23,J25) -> 0.079205101 | K31: =SUM(K9,K11,K13,K15,K17,K19,K21,K23,K25) -> 0.079205101 | L31: =SUM(L9,L11,L13,L15,L17,L19,L21,L23,L25) -> 0.079205101 | M31: =SUM(M9,M11,M13,M15,M17,M19,M21,M23,M25) -> 0.08271891 | ... Q31: =SUM(Q9,Q11,Q13,Q15,Q17,Q19,Q21,Q23,Q25) -> 0.065625413
A32: TOTAL ACUMULADO - R$ | F32: =F30 -> 65597.619 | G32: =F32+G30 -> 122456.82 | H32: =G32+H30 -> 179316.03 | I32: =H32+I30 -> 236175.23 | J32: =I32+J30 -> 293034.43 | K32: =J32+K30 -> 349893.64 | L32: =K32+L30 -> 406752.84 | M32: =L32+M30 -> 466134.51 | N32: =M32+N30 -> 543962.48 | ... Q32: =P32+Q30 -> 717873
A33: TOTAL ACUMULADO - % | F33: =F31 -> 0.091377749 | G33: =F33+G31 -> 0.17058285 | H33: =G33+H31 -> 0.24978795 | I33: =H33+I31 -> 0.32899305 | J33: =I33+J31 -> 0.40819815 | K33: =J33+K31 -> 0.48740325 | L33: =K33+L31 -> 0.56660835 | M33: =L33+M31 -> 0.64932726 | N33: =M33+N31 -> 0.75774194 | ... Q33: =P33+Q31 -> 1
